 Dungeon Crawl Stone Soup version 0.31-a0-177-g4aa6249778 (webtiles) character file.

Game seed: 113863462596133131

102 TittyCrusher the Magician (level 4, -1/27 HPs)
             Began as an Octopode Earth Elementalist on June 18, 2023.
             Slain by a gnoll
             ... wielding a +0 whip
              (5 damage)
             ... on level 3 of the Dungeon.
             The game lasted 00:03:05 (2109 turns).

TittyCrusher the Magician (OpEE)                    Turns: 2109, Time: 00:03:05

Health: -1/27      AC:  1    Str:  9    XL:     4   Next: 78%
Magic:  10/10      EV: 13    Int: 17    God:
Gold:   136        SH:  0    Dex: 12    Spells: 5/11 levels left

rFire   . . .        a - +1 dagger
rCold   . . .        (no shield)
rNeg    . . .        (helmet restricted)
rPois   .            (no amulet)
rElec   .            (no ring)
rCorr   .            (no ring)
SInv    .            (no ring)
Will    .....        (no ring)
Stlth   +++          (no ring)
HPRegen 0.24/turn    (no ring)
MPRegen 0.12/turn    (no ring)
                     (no ring)

%: no passive effects
@: no status effects
A: almost no armour, amphibious, 8 rings, camouflage 1, gelatinous body 1,
(nimble swimmer 1), tentacles
a: no special abilities


You were on level 3 of the Dungeon.
You visited 1 branch of the dungeon, and saw 3 of its levels.

You collected 136 gold pieces.

Inventory:

Hand Weapons
 a - a +1 dagger (weapon)
 b - a +0 sling
Scrolls
 d - a scroll of enchant weapon
 f - a scroll of amnesia {unknown}
 g - 5 scrolls of identify {unknown}
 h - a scroll of butterflies {unknown}
 j - a scroll of revelation {unknown}
Potions
 i - a potion of mutation {unknown}
 k - a potion of invisibility {unknown}


   Skills:
 - Level 2.0 Dodging
 - Level 2.6 Stealth
 - Level 4.3 Spellcasting
 + Level 0.7 Conjurations
 - Level 1.0 Transmutations
 - Level 3.0 Earth Magic


You had 5 spell levels left.
You knew the following spells:

 Your Spells              Type           Power      Damage    Failure   Level
a - Sandblast             Erth           26%        2d8       4%          1
b - Passwall              Tmut/Erth      8%         N/A       10%         2
c - Stone Arrow           Conj/Erth      20%        3d8       22%         3

Your spell library contained the following spells:

 Spells                   Type           Power      Damage    Failure   Level
 Petrify                  Tmut/Erth      10%        N/A       54%         4


Dungeon Overview and Level Annotations

Branches:
Dungeon (3/15)

Altars:


Innate Abilities, Weirdness & Mutations

You cannot wear most types of armour.
You are amphibious.
You can wear up to eight rings at the same time.
Your skin changes colour to match your surroundings (Stealth+).
Your rubbery body absorbs attacks. (AC +1, EV +1)
((You are camouflaged when in or above water. (Stealth+)))
You have tentacles for arms and can constrict up to eight enemies at once.


Message History

Unknown command.
Casting: Sandblast (safe; 4% risk of failure)
Confirm with . or Enter, or press ? or * to list all spells.
Aiming: Sandblast (safe; 4% risk of failure)
Press: ? - help, Shift-Dir - straight line, f/p - gnoll
Aim: a gnoll, wielding a +0 club (moderately wounded, 84% to hit)
The blast of sand hits the gnoll.
The gnoll is severely wounded.
The gnoll hits you with a +0 club. The gnoll closely misses you.
Unknown command.
Unknown command.
Casting: Sandblast (safe; 4% risk of failure)
Confirm with . or Enter, or press ? or * to list all spells.
Aiming: Sandblast (safe; 4% risk of failure)
Press: ? - help, Shift-Dir - straight line, f/p - gnoll
Aim: a gnoll, wielding a +0 club (severely wounded, 84% to hit)
The blast of sand hits the gnoll.
You kill the gnoll!
Unknown command.
Unknown command.
Casting: Sandblast (safe; 4% risk of failure)
Confirm with . or Enter, or press ? or * to list all spells.
Aiming: Sandblast (safe; 4% risk of failure)
Press: ? - help, Shift-Dir - straight line, f - gnoll
Aim: a gnoll, wielding a +0 whip (84% to hit)
The blast of sand hits the gnoll but does no damage.
The gnoll misses you. The gnoll barely misses you.
Unknown command.
Unknown command.
Magic courses through your body. The gnoll hits you with a +0 whip!
* * * LOW HITPOINT WARNING * * *
Unknown command.
Casting: Sandblast (safe; 4% risk of failure)
Confirm with . or Enter, or press ? or * to list all spells.
Aiming: Sandblast (safe; 4% risk of failure)
Press: ? - help, Shift-Dir - straight line, f/p - gnoll
Aim: a gnoll, wielding a +0 whip (84% to hit)
The blast of sand hits the gnoll but does no damage.
The gnoll hits you with a +0 whip.
You die...

g.r..........##.....
................>.†
#g...........###..
#.).......##....#.
#.S.......##......
###.#..g..####......
.......)....#.....##
#.######.###....†....
#...@gg............##
.....######.##..##....#
....... #.....##....# .
..... ##...#.......##
.....##..............
#.....#.....###.#..##
..............#....#
...........##.##..##
...........##.....#


You could see a gnoll and a hobgoblin.

Vanquished Creatures
  3 gnolls (D:3)
  2 adders
  A dart slug (D:2)
  An orc (D:3)
  3 bats
  5 endoplasms
  3 giant cockroaches (D:1)
  3 goblins
  8 hobgoblins
  7 kobolds
  3 quokkas
  3 ball pythons
  4 frilled lizards
  3 rats
49 creatures vanquished.

Notes
Turn   | Place    | Note
-------+----------+-------------------------------------------
     0 | D:1      | TittyCrusher the Octopode Earth Elementalist began the
                  | quest for the Orb.
     0 | D:1      | Reached XP level 1. HP: 11/11 MP: 3/3
   185 | D:1      | Reached XP level 2. HP: 16/17 MP: 0/5
   190 | D:1      | Learned a level 2 spell: Passwall
   620 | D:1      | Reached skill level 3 in Spellcasting
  1219 | D:2      | Reached XP level 3. HP: 21/21 MP: 5/7
  1628 | D:2      | Found a faded altar of an unknown god.
  1950 | D:3      | Reached skill level 4 in Spellcasting
  1950 | D:3      | Reached XP level 4. HP: 27/27 MP: 7/10
  1954 | D:3      | Learned a level 3 spell: Stone Arrow
  2109 | D:3      | Slain by a gnoll

Illustrated notes

Levels and vault maps discovered:
D:1:      lightli_arrival_windingriver, layout_loops_corners
D:2:      layout_basic, shapermc_ecumenical_altar_hornbeckon,
          serial_park_tiny_1, minmay_pentomino_u2
D:3:      layout_rooms, mainiacjoe_overflow_alcove_4, gammafunk_ghost_smash

Skill      XL: |  1  2  3 |
---------------+----------+-----
Spellcasting   | 3 4 |  4.3
Dodging        | |  2.0
Stealth        | |  2.6
Conjurations   | |  0.7
Transmutations | |  1.0
Earth Magic    | |  3.0

Action                     |  1- 3 |  4- 6 || total
---------------------------+-------+-------++-------
  Melee: Unarmed           |     8 |       ||     8
         Constrict         |     5 |     2 ||     7
         Tentacles         |     2 |     1 ||     3
         Dagger            |    11 |     4 ||    15
   Fire: Sling             |    15 |    15 ||    30
   Cast: Sandblast         |    40 |    15 ||    55
    Use: Potion            |       |     2 ||     2
         Scroll            |       |     1 ||     1
 Armour: Skin              |     4 |     4 ||     8
  Dodge: Dodged            |    21 |    19 ||    40

Table legend: (Time is in decaauts)
 A = Elapsed time spent in this place.
 B = Non-inter-level travel time spent in this place.
 C = Inter-level travel time spent in this place.
 D = Time resting spent in this place.
 E = Time spent auto-exploring this place.
 F = Levels seen in this place.
 G = Mean time per level.
                   A        B        C        D        E       F      G
               +--------+--------+--------+--------+--------+-----+--------+
         Total |   2146 |   2101 |     45 |    114 |   1683 |   3 |  715.3 |
       Dungeon |   2146 |   2101 |     45 |    114 |   1683 |   3 |  715.3 |
               +--------+--------+--------+--------+--------+-----+--------+

Top non-repeatable levels by time:
     D:1: 1201 daAuts
     D:2: 742 daAuts
     D:3: 203 daAuts
